 Dungeon Crawl Stone Soup version 0.30.0-20-g3615ddf2f0 (webtiles) character file.

Game seed: 14370165458283853608

85 qw the Chopper (level 4, -1/28 HPs)
             Began as a Gargoyle Fighter on June 1, 2023.
             Slain by a gnoll
             ... wielding a +0 whip
              (3 damage)
             ... on level 3 of the Dungeon.
             The game lasted 00:00:47 (1064 turns).

qw the Chopper (Gargoyle Fighter)                   Turns: 1064, Time: 00:00:48

Health: -1/28      AC: 10    Str: 21    XL:     4   Next: 48%
Magic:  4/4        EV:  9    Int:  9    God:
Gold:   51         SH:  4    Dex:  9    Spells: 3/3 levels left

rFire   . . .        Y - +0 war axe
rCold   . . .        c - +0 buckler
rNeg    + . .        b - +0 scale mail
rPois   inf          (no helmet)
rElec   +            (no cloak)
rCorr   .            (no gloves)
SInv    .            (no boots)
Will    .....        (no amulet) Stlth
                     (no ring)
HPRegen 0.24/turn    (no ring)
MPRegen 0.09/turn

%: no passive effects
@: no status effects
A: sickness immunity, AC +3, negative energy resistance 1, electricity
resistance, torment resistance 1, petrification resistance
a: no special abilities


You were on level 3 of the Dungeon.
You visited 1 branch of the dungeon, and saw 3 of its levels.

You collected 51 gold pieces.


Innate Abilities, Weirdness & Mutations

You are immune to sickness and miasma.
Your stone body is resilient. (AC +3)
You are immune to poison.
You resist negative energy. (rN+)
You are resistant to electric shocks. (rElec)
You are resistant to unholy torment.
You are immune to petrification.


   Skills:
 - Level 3.2 Fighting
 + Level 4.1 Axes
 - Level 3.2 Armour
 - Level 3.2 Shields


You had 3 spell levels left.
You didn't know any spells.
Your spell library was empty.

Inventory:

Hand Weapons
 i - a +2 whip of electrocution
 Y - a +0 war axe (weapon)
Armour
 b - a +0 scale mail (worn)
 c - a +0 buckler (worn)
Scrolls
 f - a scroll of identify
Potions
 d - 2 potions of might
 e - a potion of lignification
 g - a potion of mutation {unknown}
 j - a potion of attraction {unknown}
 k - a potion of resistance {unknown}

Dungeon Overview and Level Annotations

Branches:
Dungeon (3/15)

Altars:


Message History

You slash the jackal!
You kill the jackal!
A jackal comes into view.
The jackal moves out of view.
You hit the jackal.
You kill the jackal!
Things that are here:
a jackal corpse; a jackal corpse A kobold comes into view.
It is wielding a +0 short sword.
Found a faded altar of an unknown god.
The kobold throws a stone.
You block the stone.
The kobold throws a stone.
The stone hits you but does no damage.
A gnoll comes into view. It is wielding a +0 halberd.
The gnoll shouts!
The kobold throws a stone.
The stone closely misses you.
Found 5 boomerangs.
The jackal barks!
A gnoll comes into view. It is wielding a +0 whip.
The kobold throws a stone.
The stone hits you but does no damage.
The gnoll shouts!
A gnoll comes into view. It is wielding a +0 whip.
The gnoll hits you from afar with a +0 halberd.
The kobold hits you but does no damage.
You closely miss the jackal. You hit the kobold.
You kill the kobold!
The jackal bites you.
The gnoll hits you from afar with a +0 halberd!
The jackal barely misses you.
You closely miss the jackal. The jackal bites you.
The gnoll completely misses you.
The jackal bites you but does no damage.
You closely miss the gnoll. You slash the jackal!
You kill the jackal!
The gnoll hits you from afar with a +0 halberd.
The gnoll hits you with a +0 whip. The gnoll barely misses you.
The gnoll hits you with a +0 whip.
You barely miss the gnoll. x2
The gnoll closely misses you. The gnoll misses you.
The gnoll hits you with a +0 whip.
You die...

.# .# ####### .#.## .#
#..... .#..# .# #...#
.....# .#########...#
.....#
.#...........#####.....#
....%...................
##.#########...........#
...### #....@g.....#
..)..# #.....g......
...#.# #.....g...(##
##.#.#######.....7777+7
...........'._...+
.#.#.#######.....7
.#.#.# #.....7 .#.#.###
#.....7 ...#...# #####.+


You could see 3 gnolls.

Vanquished Creatures
  A gnoll (D:1)
  3 adders (D:2)
  A dart slug (D:2)
  3 ball pythons
  An endoplasm (D:1)
  A giant cockroach (D:1)
  4 goblins
  4 hobgoblins
  3 jackals (D:3)
  8 kobolds
  3 quokkas
  3 bats (D:2)
  2 frilled lizards (D:1)
  6 rats
43 creatures vanquished.

Notes
Turn   | Place    | Note
-------+----------+-------------------------------------------
     0 | D:1      | qw the Gargoyle Fighter began the quest for the Orb.
     0 | D:1      | Reached XP level 1. HP: 14/14 MP: 1/1
     0 | D:1      | 0 ||| qw: Version: 0.2-a-102-gfc559e5
     0 | D:1      | 0 ||| qw: Game counter: 657
     0 | D:1      | 0 ||| qw: Always use a shield: true
     0 | D:1      | 0 ||| qw: God list: Okawaru
     0 | D:1      | 0 ||| qw: Allow faded altars: false
     0 | D:1      | 0 ||| qw: Do Orc after D:15 true
     0 | D:1      | 0 ||| qw: Do second Lair branch before Depths: true
     0 | D:1      | 0 ||| qw: Lair rune preference: random
     0 | D:1      | 0 ||| qw: Plans: Normal, Zot:1-4, Slime:5, God:TSO, Crypt,
                  | Tomb, Pan, Hells, Abyss, Win
     0 | D:1      | 0 ||| PLANNING D:1-11
    76 | D:1      | Reached skill level 2 in Axes
   119 | D:1      | Reached XP level 2. HP: 15/19 MP: 2/2
   119 | D:1      | 119 ||| FLEEEEING.
   120 | D:1      | 120 ||| FLEEEEING.
   121 | D:1      | 121 ||| FLEEEEING.
   122 | D:1      | 122 ||| FLEEEEING.
   123 | D:1      | 123 ||| FLEEEEING.
   124 | D:1      | 124 ||| FLEEEEING.
   125 | D:1      | 125 ||| FLEEEEING.
   126 | D:1      | 126 ||| FLEEEEING.
   127 | D:1      | 127 ||| FLEEEEING.
   176 | D:1      | 176 ||| Stepping ~*~*~tactically~*~*~ (stealth).
   177 | D:1      | 177 ||| Stepping ~*~*~tactically~*~*~ (stealth).
   189 | D:1      | Reached skill level 3 in Axes
   189 | D:1      | 189 ||| FLEEEEING.
   190 | D:1      | 190 ||| FLEEEEING.
   241 | D:1      | 241 ||| DROPPING +0 mace.
   349 | D:1      | Reached XP level 3. HP: 20/23 MP: 3/3
   444 | D:1      | 444 ||| Stepping ~*~*~tactically~*~*~ (stealth).
   555 | D:1      | 555 ||| READING scroll labelled EGOLYO QIHU.
   556 | D:1      | 556 ||| READING 3 scrolls labelled WISUMI VEIFFIHARO.
   557 | D:1      | 557 ||| READING scroll labelled BAISAN ATAUXIRGH.
   558 | D:1      | 558 ||| READING scroll labelled UCOTSY YMUSUSEEKAU.
   561 | D:1      | 561 ||| READING scroll labelled DEVA FEANAU.
   562 | D:1      | 562 ||| READING 2 scrolls of identify.
   562 | D:1      | 562 ||| IDENTIFYING silvery potion
   563 | D:1      | 563 ||| DROPPING potion of degeneration.
   653 | D:2      | Reached XP level 4. HP: 28/28 MP: 4/4
   895 | D:2      | Reached skill level 4 in Axes
   938 | D:2      | 938 ||| READING 2 scrolls labelled ACO RAGOUSS.
   939 | D:2      | 939 ||| READING 2 scrolls of identify.
   939 | D:2      | 939 ||| IDENTIFYING black potion
   940 | D:2      | 940 ||| DROPPING scroll of vulnerability.
  1055 | D:3      | Found a faded altar of an unknown god.
  1063 | D:3      | HP: 7/28 [gnoll/+0 halberd (5)]
  1063 | D:3      | HP: 1/28 [gnoll/+0 whip (5)]
  1064 | D:3      | Slain by a gnoll

Levels and vault maps discovered:
D:1:      minmay_arrival_doors, layout_rooms
D:2:      layout_rooms, dreamdust_wishing_well, roderic_roman_lattice
D:3:      layout_basic, nicolae_elyvilon_temple_path,
          mainiacjoe_overflow_24_doors, mainiacjoe_overflow_six_doors_small,
          basic_ecumenical_altar

Skill      XL: |  1  2  3  4 |
---------------+-------------+-----
Axes           | 2 3 4 |  4.1
Fighting       | |  3.2
Armour         | |  3.2
Shields        | |  3.2

Action                     |  1- 3 |  4- 6 || total
---------------------------+-------+-------++-------
  Melee: War axe           |    97 |    38 ||   135
    Use: Scroll            |     6 |     2 ||     8
 Armour: Scale mail        |    45 |    17 ||    62
  Dodge: Dodged            |    50 |    24 ||    74
  Block: Buckler           |    18 |    14 ||    32

Table legend:
 A = Non-vault XP
 B = Vault XP
 C = Vault XP percentage of total XP
 D = Non-vault monster count
 E = Vault monster count
 F = Vault count percentage of total count
                 A         B        C        D         E       F
            +---------+---------+-------+---------+---------+-------
      Total |     122 |       0 |   0.0 |      43 |       0 |   0.0
            +---------+---------+-------+---------+---------+-------
        D:1 |      49 |       0 |   0.0 |      22 |       0 |   0.0
        D:2 |      62 |       0 |   0.0 |      15 |       0 |   0.0
        D:3 |      11 |       0 |   0.0 |       6 |       0 |   0.0
            +---------+---------+-------+---------+---------+-------
